 Dungeon Crawl Stone Soup version 0.30.0-20-g3615ddf2f0 (webtiles) character file.

Game seed: 15789372305603461775

281 qw the Chopper (level 6, -4/38 HPs)
             Began as a Gargoyle Fighter on May 29, 2023.
             Slain by an ogre
             ... wielding a +0 giant club
              (9 damage)
             ... on level 4 of the Dungeon.
             The game lasted 00:01:25 (2531 turns).

qw the Chopper (Gargoyle Fighter)                   Turns: 2531, Time: 00:01:26

Health: -4/38      AC: 15    Str: 21    XL:     6   Next: 27%
Magic:  6/6        EV: 10    Int:  9    God:
Gold:   99         SH:  4    Dex: 12    Spells: 5/5 levels left

rFire   . . .        Y - +0 war axe
rCold   . . .        c - +0 buckler
rNeg    + . .        b - +0 scale mail
rPois   inf          (no helmet)
rElec   +            (no cloak)
rCorr   .            (no gloves)
SInv    .            (no boots)
Will    .....        (no amulet) Stlth
                     j - ring of Utiblum {Fly AC+4 Dex+3}
HPRegen 0.26/turn    (no ring)
MPRegen 0.10/turn

%: no passive effects
@: about to teleport, flying
A: sickness immunity, AC +4, negative energy resistance 1, electricity
resistance, torment resistance 1, petrification resistance
a: no special abilities


You were on level 4 of the Dungeon.
You visited 1 branch of the dungeon, and saw 4 of its levels.

You collected 99 gold pieces.


Innate Abilities, Weirdness & Mutations

You are immune to sickness and miasma.
Your stone body is resilient. (AC +4)
You are immune to poison.
You resist negative energy. (rN+)
You are resistant to electric shocks. (rElec)
You are resistant to unholy torment.
You are immune to petrification.


   Skills:
 + Level 3.9 Fighting
 - Level 5.1 Axes
 - Level 3.2 Armour
 - Level 1.6 Dodging
 - Level 3.2 Shields


You had 5 spell levels left.
You didn't know any spells.
Your spell library was empty.

Inventory:

Hand Weapons
 h - a +0 flail
 Y - a +0 war axe (weapon)
Armour
 b - a +0 scale mail (worn)
 c - a +0 buckler (worn)
Jewellery
 j - the ring of Utiblum (left hand) {Fly AC+4 Dex+3}
   (You found it on level 3 of the Dungeon)

   [ring of protection]

   AC:        It affects your AC (+4).
   Dex:       It affects your dexterity (+3).
   Fly:       It grants you flight.
Scrolls
 a - 2 scrolls of teleportation
 g - 4 scrolls of identify
Potions
 d - a potion of might
 e - a potion of haste
 f - a potion of mutation
 i - a potion of curing {unknown}
 k - a potion of ambrosia {unknown}
 l - a potion of invisibility {unknown}
 m - a potion of experience {unknown}

Dungeon Overview and Level Annotations

Branches:
Dungeon (4/15)
 Temple: D:4-7

Altars:

Annotations:
D:2 1 runed translucent door, Crazy Yiuf


Message History

Enter note:
Enter note: You now have 99 gold pieces (gained 18).
Found 9 stones.
Enter note:
Enter note:
Enter note:
Enter note:
Enter note:
Enter note: An ogre and a giant cockroach come into view.
Found a scroll of teleportation.
Enter note:
Enter note:
Enter note:
Enter note:
Enter note:
Enter note: The giant cockroach closely misses you.
You hit the giant cockroach but do no damage.
You block the giant cockroach's attack.
You barely miss the giant cockroach. The giant cockroach misses you.
The giant cockroach barely misses you.
You hit the giant cockroach but do no damage.
The giant cockroach bites you but does no damage.
You closely miss the giant cockroach. The giant cockroach barely misses you.
The giant cockroach bites you but does no damage.
You completely miss the ogre. You slash the giant cockroach!
You kill the giant cockroach!
The ogre hits you with a +0 giant club!
You slash the ogre!
The ogre is moderately wounded.
The ogre hits you with a +0 giant club!!
Ouch! That really hurt!
2531 ||| READING 3 scrolls of teleportation.
As you read the scroll of teleportation, it crumbles to dust.
You feel strangely unstable. The ogre hits you with a +0 giant club!
You die...

..... ### .....#######...
................
.................
..........(.......
..................
....?.$O..#.....##
#@.#.......##
######............
#..............^# ..
#.........#.....# ..
...............# .#
#..........#.##.#######..
#..........#.##......#..#
#..........#.<..##.......
........................


You could see an ogre.

Vanquished Creatures
  2 scorpions
  An orc priest (D:3)
  An orc wizard (D:3)
  4 adders
  A worm (D:2)
  A dart slug (D:1)
  7 orcs
  4 ball pythons
  6 bats
  6 endoplasms
  6 giant cockroaches
  7 goblins
  5 hobgoblins
  4 kobolds
  A quokka (D:3)
  4 frilled lizards (D:1)
  4 rats
64 creatures vanquished.

Notes
Turn   | Place    | Note
-------+----------+-------------------------------------------
     0 | D:1      | qw the Gargoyle Fighter began the quest for the Orb.
     0 | D:1      | Reached XP level 1. HP: 14/14 MP: 1/1
     0 | D:1      | 0 ||| qw: Version: 0.2-a-102-gaee6249
     0 | D:1      | 0 ||| qw: Game counter: 366
     0 | D:1      | 0 ||| qw: Always use a shield: true
     0 | D:1      | 0 ||| qw: God list: Okawaru
     0 | D:1      | 0 ||| qw: Allow faded altars: false
     0 | D:1      | 0 ||| qw: Do Orc after D:15 true
     0 | D:1      | 0 ||| qw: Do second Lair branch before Depths: true
     0 | D:1      | 0 ||| qw: Lair rune preference: random
     0 | D:1      | 0 ||| qw: Plans: Normal, Zot:1-4, Slime:5, God:TSO, Crypt,
                  | Tomb, Pan, Hells, Abyss, Win
     0 | D:1      | 0 ||| PLANNING D:1-11
    50 | D:1      | 50 ||| Stepping ~*~*~tactically~*~*~ (hiding).
   180 | D:1      | Reached skill level 2 in Axes
   224 | D:1      | Reached XP level 2. HP: 19/19 MP: 2/2
   537 | D:1      | Reached skill level 3 in Axes
   588 | D:1      | Reached XP level 3. HP: 23/23 MP: 3/3
   860 | D:1      | 860 ||| Stepping ~*~*~tactically~*~*~ (hiding).
  1207 | D:1      | 1207 ||| READING 4 scrolls labelled JAS CA JOU.
  1212 | D:1      | 1212 ||| READING scroll labelled AHAOFU YHET.
  1213 | D:1      | 1213 ||| READING 3 scrolls labelled RUQIRY QIAL.
  1214 | D:1      | 1214 ||| READING scroll labelled LUBLIXA VENEVUS.
  1215 | D:1      | 1215 ||| READING scroll labelled QAIHYERIERE.
  1216 | D:1      | 1216 ||| READING scroll labelled VIDUCS XOHEI.
  1217 | D:1      | 1217 ||| DROPPING 2 scrolls of poison.
  1271 | D:2      | 1271 ||| Stepping ~*~*~tactically~*~*~ (stealth).
  1336 | D:2      | 1336 ||| Stepping ~*~*~tactically~*~*~ (stealth).
  1364 | D:2      | 1364 ||| DROPPING +0 club.
  1377 | D:2      | Identified the +2 short sword of Plunder {flame, Dex+4}
  1452 | D:2      | 1452 ||| Stepping ~*~*~tactically~*~*~ (stealth).
  1598 | D:2      | Reached XP level 4. HP: 22/28 MP: 4/4
  1600 | D:2      | 1600 ||| FLEEEEING.
  1605 | D:2      | 1605 ||| FLEEEEING.
  1643 | D:2      | Found a runed translucent door.
  1644 | D:2      | Noticed Crazy Yiuf
  1748 | D:2      | 1748 ||| READING scroll labelled JOTEQE IPUHI.
  1749 | D:2      | 1749 ||| READING scroll labelled EPTINYKLOTS.
  1775 | D:3      | 1775 ||| DROPPING +3 whip.
  1791 | D:3      | 1791 ||| Stepping ~*~*~tactically~*~*~ (stealth).
  1859 | D:3      | Reached skill level 4 in Axes
  1873 | D:3      | Identified the ring of Utiblum {Fly AC+4 Dex+3}
  1902 | D:3      | 1902 ||| Stepping ~*~*~tactically~*~*~ (stealth).
  2007 | D:3      | Noticed a scorpion
  2009 | D:3      | Killed a scorpion
  2010 | D:3      | Reached XP level 5. HP: 32/32 MP: 5/5
  2062 | D:3      | Found a faded altar of an unknown god.
  2253 | D:3      | 2253 ||| FLEEEEING.
  2254 | D:3      | 2254 ||| FLEEEEING.
  2255 | D:3      | 2255 ||| FLEEEEING.
  2256 | D:3      | 2256 ||| FLEEEEING.
  2257 | D:3      | 2257 ||| FLEEEEING.
  2258 | D:3      | 2258 ||| FLEEEEING.
  2265 | D:3      | 2265 ||| FLEEEEING.
  2275 | D:3      | Reached skill level 5 in Axes
  2382 | D:3      | 2382 ||| UPGRADING to ring of Utiblum {Fly AC+4 Dex+3}.
  2383 | D:3      | 2383 ||| READING 3 scrolls of identify.
  2383 | D:3      | 2383 ||| IDENTIFYING blue potion
  2384 | D:3      | 2384 ||| READING 2 scrolls of identify.
  2384 | D:3      | 2384 ||| IDENTIFYING sedimented white potion
  2455 | D:4      | Reached skill level 1 in Dodging
  2455 | D:4      | Reached XP level 6. HP: 38/38 MP: 6/6
  2470 | D:4      | 2470 ||| Stepping ~*~*~tactically~*~*~ (hiding).
  2471 | D:4      | 2471 ||| Stepping ~*~*~tactically~*~*~ (hiding).
  2473 | D:4      | 2473 ||| Stepping ~*~*~tactically~*~*~ (hiding).
  2530 | D:4      | HP: 5/38 [ogre/+0 giant club (26)]
  2531 | D:4      | 2531 ||| READING 3 scrolls of teleportation.
  2531 | D:4      | Slain by an ogre

Levels and vault maps discovered:
D:1:      amcnicky_arrival_gap_in_the_tavern_cellar, layout_loops_corners,
          minmay_misc_feat_cross, feat_on_display
D:2:      layout_rooms, kennysheep_cluttered_room,
          ebering_dispersal_statue_hall, uniq_crazy_yiuf_cottage
D:3:      layout_rooms, hellmonk_ecumenical_altar_crossroads
D:4:      layout_rooms, guppyfry_early_orc_mine

Skill      XL: |  1  2  3  4  5 |
---------------+----------------+-----
Axes           | 2 3 4 5 |  5.1
Dodging        | 1 |  1.6
Fighting       | |  3.9
Armour         | |  3.2
Shields        | |  3.2

Action                     |  1- 3 |  4- 6 || total
---------------------------+-------+-------++-------
  Melee: War axe           |   102 |    76 ||   178
    Use: Scroll            |     6 |     5 ||    11
 Armour: Scale mail        |    53 |    32 ||    85
  Dodge: Dodged            |    42 |    28 ||    70
  Block: Buckler           |    14 |    14 ||    28

Table legend:
 A = Non-vault XP
 B = Vault XP
 C = Vault XP percentage of total XP
 D = Non-vault monster count
 E = Vault monster count
 F = Vault count percentage of total count
                 A         B        C        D         E       F
            +---------+---------+-------+---------+---------+-------
      Total |     402 |       0 |   0.0 |      64 |       0 |   0.0
            +---------+---------+-------+---------+---------+-------
        D:1 |      44 |       0 |   0.0 |      26 |       0 |   0.0
        D:2 |      47 |       0 |   0.0 |      16 |       0 |   0.0
        D:3 |     208 |       0 |   0.0 |      17 |       0 |   0.0
        D:4 |     103 |       0 |   0.0 |       5 |       0 |   0.0
            +---------+---------+-------+---------+---------+-------
